 Dungeon Crawl Stone Soup version 0.18.1-48-g4cf74bf (console) character file.

322 Homage the Covered (level 6, -3/47 HPs)
             Began as a Formicid Fighter on Aug 21, 2016.
             Slain by Grinder (6 damage)
             ... on level 3 of the Dungeon.
             The game lasted 00:06:08 (2742 turns).

Homage the Covered (Formicid Fighter)               Turns: 2742, Time: 00:06:08

Health: -3/47      AC: 12    Str: 21    XL:     6   Next: 76%
Magic:  6/6        EV:  4    Int:  7    God:
Gold:   96         SH: 10    Dex: 12    Spells: 0 memorised, 5 levels left

rFire  . . .     SeeInvis +     a - +0 war axe
rCold  . . .     Gourm    .     o - +0 plate armour
rNeg   . . .     Faith    .     c - +1 shield
rPois  .         Spirit   .     (helmet unavailable)
rElec  .         Dismiss  .     (no cloak)
rCorr  .         Reflect  .     (no gloves)
SustAt +         Harm     .     (no boots)
MR     .....                    (no amulet)
Stlth  ..........               h - ring of wizardry
                                e - ring of sustain attributes

@: not resistant to hostile enchantments, extremely unstealthy
A: permanent stasis, dig shafts and tunnels, four strong arms, antennae 3
a: Dig, Shaft Self


You were on level 3 of the Dungeon.
You were hungry.

You visited 1 branch of the dungeon, and saw 3 of its levels.

You collected 96 gold pieces.


Innate Abilities, Weirdness & Mutations

You are under a permanent stasis effect.
You can dig through walls and to a lower floor.
Your four strong arms can wield two-handed weapons with a shield.
You have a pair of large antennae on your head (SInv).


   Skills:
 - Level 3.2 Fighting
 - Level 5.1 Axes
 - Level 5.4 Armour
 + Level 4.0 Shields


You had 5 spell levels left.
You didn't know any spells.

Inventory:

Hand Weapons
 a - a +0 war axe (weapon)
Armour
 c - a +1 shield (worn)
 o - a +0 plate armour (worn)
Jewellery
 e - a ring of sustain attributes (left hand)
 h - a ring of wizardry (right hand)
Scrolls
 m - 2 scrolls of enchant armour
 n - a scroll of noise
Potions
 i - a potion of curing
Comestibles
 b - 4 chunks of flesh
 f - 2 bread rations
 g - a beef jerky
 j - 2 meat rations


Message History

Your stasis keeps you stable.
You completely miss Grinder.
Grinder is heavily wounded.
Grinder hits you.
You writhe in agony. x2; Grinder blinks!
You barely miss Grinder.
Grinder is moderately wounded.
Grinder gestures at you. Pain shoots through your body!
You closely miss Grinder.
Grinder is moderately wounded.
Grinder hits you.
* * * LOW HITPOINT WARNING * * *
You writhe in agony.
* * * LOW HITPOINT WARNING * * *
You hit Grinder.
Grinder is heavily wounded.
Grinder hits you.
* * * LOW HITPOINT WARNING * * *
You writhe in agony.
You die...

##.# .... #... # #..#
#. #..# .#
#.#######..###....
.#.#......##.........
..........##..###...
......5@.............
..##..........###.#..
#......)#.##
#...###.#.# ###.#
#.#.# #.###.#.#
#.#.....# #.#.#.###
#.#.#.#


You could see Grinder.

Vanquished Creatures
  An ice beast (D:3)
  Jessica (D:3)
  Ijyb (D:3)
  Natasha (thrice) (D:2)
  A gnoll (D:1)
  3 adders (D:2)
  An ooze (D:3)
  2 worms (D:2)
  3 dart slugs
  A giant gecko (D:1)
  11 bats
  5 giant cockroaches
  6 hobgoblins
  3 jackals (D:1)
  A ball python (D:2)
  3 giant newts
  7 goblins
  5 kobolds
  10 rats
68 creatures vanquished.

Vanquished Creatures (others)
  A plant (D:1)
1 creature vanquished.

Grand Total: 69 creatures vanquished

Notes
Turn   | Place    | Note
--------------------------------------------------------------
     0 | D:1      | Homage the Formicid Fighter began the quest for the Orb.
     0 | D:1      | Reached XP level 1. HP: 18/18 MP: 1/1
   115 | D:1      | Reached XP level 2. HP: 23/24 MP: 2/2
   274 | D:1      | Reached skill level 3 in Axes
   550 | D:1      | Reached XP level 3. HP: 29/29 MP: 3/3
   881 | D:2      | HP: 5/29 [rat (3)]
   886 | D:2      | HP: 4/29 [poisoned by an adder]
   894 | D:2      | HP: 3/29 [poisoned by an adder]
  1316 | D:2      | Reached XP level 4. HP: 27/35 MP: 4/4
  1598 | D:2      | Found a sacrificial altar of Ru.
  1692 | D:2      | Found a radiant altar of Vehumet.
  1724 | D:2      | Noticed Natasha
  1739 | D:2      | Killed Natasha
  1957 | D:2      | Reached XP level 5. HP: 31/41 MP: 5/5
  1997 | D:2      | Noticed Natasha
  2008 | D:2      | Killed Natasha
  2073 | D:2      | Found a faded altar to an unknown god.
  2124 | D:2      | Noticed Natasha
  2130 | D:2      | Killed Natasha
  2388 | D:3      | Noticed Ijyb
  2390 | D:3      | Noticed an ice beast
  2401 | D:3      | Killed Ijyb
  2401 | D:3      | Reached XP level 6. HP: 47/47 MP: 6/6
  2420 | D:3      | Killed an ice beast
  2647 | D:3      | Noticed Jessica
  2655 | D:3      | Killed Jessica
  2711 | D:3      | Noticed Grinder
  2741 | D:3      | HP: 7/47 [Grinder (3)]
  2742 | D:3      | HP: 3/47 [Grinder (4)]
  2742 | D:3      | Slain by Grinder

Vault maps used:
D:1:      onia_arrival_mini_maze_b, serial_bayou_lagoon_b
D:2:      lemuel_doored_altar, overflow_temple_1_default, ecumenical_altar_2,
          uniq_natasha
D:3:      overflow_temple_1_default, fedhas_altar_1, uniq_terence, uniq_iyjb,
          uniq_jessica, uniq_grinder

Action                   |  1- 3 |  4- 6 || total
-------------------------+-------+-------++-------
Melee: War axe           |    68 |   154 ||   222
       Halberd           |    54 |     7 ||    61
  Use: Scroll            |     5 |       ||     5
       Potion            |     3 |     2 ||     5
  Eat: Chunk             |     1 |     5 ||     6
Armor: Scale mail        |    61 |    67 ||   128
       Plate armour      |       |     9 ||     9
Dodge: Dodged            |    49 |    44 ||    93
Block: Shield            |    81 |    82 ||   163
